 Dungeon Crawl Stone Soup version 0.27.0-1-g7a089689b8 (webtiles) character file.

Game seed: 2612647639081555396

289 Spectrina the Conjurer (level 6, -3/36 HPs)
             Began as a Deep Elf Delver on Aug 1, 2021.
             Killed by an exploding ufetubus (27 damage)
             ... ignited by their inner flame
             ... on level 5 of the Dungeon.
             The game lasted 00:08:27 (943 turns).

Spectrina the Conjurer (Deep Elf Delver)             Turns: 943, Time: 00:08:28

Health: -3/36      AC:  3    Str:  9    XL:     6   Next: 9%
Magic:  16/16      EV: 12    Int: 17    God:
Gold:   30         SH:  0    Dex: 16    Spells: 16/16 levels left

rFire    . . .     SeeInvis .   s - +3 whip
rCold    . . .     Faith    .   (no shield)
rNeg     . . .     Spirit   .   b - +0 leather armour
rPois    .         Reflect  .   (no helmet)
rElec    .         Harm     .   (no cloak)
rCorr    .         Rampage  .   (no gloves)
Will     .....                  (no boots)
Stlth    +++.......             l - amulet of regeneration
HPRegen  1.12/turn              (no ring)
MPRegen  0.15/turn              (no ring)

@: marked, studying Conjurations
A: no striking features
a: no special abilities


You were on level 5 of the Dungeon.
You visited 1 branch of the dungeon, and saw 5 of its levels.

You collected 30 gold pieces.

Inventory:

Hand Weapons
 a - a +0 short sword
 r - a +0 long sword
 s - a +3 whip (weapon)
Missiles
 h - 28 poisoned darts (quivered)
 i - 50 stones
 m - 21 arrows
 t - 21 sling bullets
Armour
 b - a +0 leather armour (worn)
Magical Staves
 p - a staff of fire
Jewellery
 l - an amulet of regeneration (around neck)
Wands
 g - a wand of digging (6)
Scrolls
 c - a scroll of fog
 d - a scroll of magic mapping
 q - 3 scrolls of immolation
Potions
 f - a potion of haste
 n - 2 potions of brilliance


   Skills:
 - Level 2.4 Fighting
 - Level 2.0 Short Blades
 - Level 2.4 Dodging
 - Level 6.0 Stealth
 + Level 5.6 Spellcasting
 + Level 6.4 Conjurations


You had 16 spell levels left.
You didn't know any spells.
Your spell library was empty.

Dungeon Overview and Level Annotations

Branches:
Dungeon (5/15)
 Temple: D:4-7

Altars:
Xom

Annotations:
D:2 Sigmund


Message History

It is a scroll of identify.
n - 2 potions of brilliance The ufetubus hits you but does no damage.
The ufetubus closely misses you.
Cornered, the howler monkey turns to fight!
An orc wizard comes into view. It is wielding a +0 dagger.
The ufetubus barely misses you. The ufetubus completely misses you.
You hit the ufetubus but do no damage. The ufetubus completely misses you.
The ufetubus hits you. The gnoll barely misses you.
A gnoll comes into view. It is wielding a +0 flail.
The ufetubus misses you.
The ufetubus hits you but does no damage.
Unknown command.
Unknown command.
You closely miss the ufetubus. The ufetubus closely misses you.
The ufetubus hits you.
The gnoll hits you from afar with a +0 spear.
Unknown command.
You barely miss the ice beast.
An adder comes into view.
The ufetubus closely misses you. The ufetubus barely misses you.
Cornered, the ice beast turns to fight!
The gnoll hits you from afar with a +0 spear!
The ice beast misses you. The ufetubus misses you.
The ufetubus closely misses you.
A quokka comes into view.
A hound comes into view.
The howler monkey hoots and howls with incredible vigour!
Unknown command.
Unknown command.
You hit the ufetubus.
Flame seeps out of the ufetubus.
The ufetubus is severely wounded.
The ufetubus is engulfed in blazing flames.
The ufetubus explodes!
The fiery explosion engulfs the orc wizard!!!
You kill the orc wizard!
The fiery explosion engulfs the gnoll!!!
The fiery explosion engulfs you!!
Ouch! That really hurt!
You die...

...... ####### #.....###
#...hY. #.......#
#Y##### ## #.#. #.# #h#
... #....##.######.#
##..........h.h.##.#
r.....#####.###..Y.#####
#...§#####Y# #....#....
#Sg§○@Yh..# #....#.###
#h###########.#.##.##
#.......>...#
#.###.#.##..##
#......... .....##..##
###...##..## #..>##....
##..###.##


You could see 2 ice beasts, a howler monkey (inner flame), a hound, a gnoll, an
adder and a quokka.

Vanquished Creatures
  2 ogres
  A kobold brigand (D:4)
  An orc wizard (D:5)
  A gnoll (D:5)
  An adder (D:2)
  An ufetubus (D:5)
  3 worms (D:2)
  A dart slug (D:2)
  An orc (D:5)
  3 endoplasms
  4 giant cockroaches (D:2)
  2 hobgoblins (D:2)
  3 jackals
  2 kobolds
  2 ball pythons
  2 bats
  2 goblins
  A rat (D:3)
33 creatures vanquished.

Notes
Turn   | Place    | Note
-------+----------+-------------------------------------------
     0 | D:5      | Spectrina the Deep Elf Delver began the quest for the Orb.
     0 | D:5      | Reached XP level 1. HP: 13/13 MP: 3/3
    72 | D:5      | Reached skill level 1 in Spellcasting
   142 | D:4      | Noticed an iguana
   178 | D:2      | Found a shimmering altar of Xom.
   263 | D:2      | Reached skill level 1 in Conjurations
   284 | D:1      | Reached XP level 2. HP: 16/18 MP: 6/6
   457 | D:2      | Noticed Sigmund
   512 | D:2      | Reached XP level 3. HP: 4/22 MP: 9/9
   606 | D:4      | Noticed an ogre
   626 | D:4      | Noticed a scorpion
   684 | D:4      | Noticed a kobold brigand
   702 | D:4      | Killed an ogre
   702 | D:4      | Killed a kobold brigand
   703 | D:4      | Reached skill level 5 in Spellcasting
   703 | D:4      | Reached skill level 5 in Conjurations
   703 | D:4      | Reached XP level 4. HP: 27/27 MP: 10/13
   703 | D:4      | Reached XP level 5. HP: 31/31 MP: 10/14
   730 | D:4      | Noticed a necrophage
   838 | D:5      | Noticed an ogre
   863 | D:5      | Killed an ogre
   864 | D:5      | Reached XP level 6. HP: 36/36 MP: 14/16
   879 | D:5      | Noticed an ice beast
   910 | D:5      | Noticed an ice beast
   943 | D:5      | Killed by an exploding ufetubus... ignited by their inner
                  | flame

Illustrated notes

Levels and vault maps discovered:
D:1:      dpeg_arrival_boxes_within_box, layout_basic,
          ebering_ecumenical_altar_mist
D:2:      layout_loops_ring, basic_altar, uniq_sigmund
D:3:      layout_rooms
D:4:      layout_cave_pools, corexii_item_surrounded_by_moat,
          nicolae_underground_beach
D:5:      layout_loops_ring, serial_shops, shop, grunt_ministairs_12

Skill      XL: |  1  2  3  4  5 |
---------------+----------------+-----
Spellcasting   | 1 2 5 |  5.6
Conjurations   | 1 2 5 6 |  6.4
Fighting       | |  2.4
Short Blades   | |  2.0
Dodging        | |  2.4
Stealth        | |  6.0

Action                   |  1- 3 |  4- 6 || total
-------------------------+-------+-------++-------
Melee: Short sword       |   111 |       ||   111
       Whip              |       |    30 ||    30
Throw: Dart              |     5 |     1 ||     6
Evoke: Wand              |     3 |     3 ||     6
  Use: Scroll            |       |     4 ||     4
 Stab: Sleeping          |     8 |       ||     8
       Distracted        |     1 |       ||     1
Armor: Leather armour    |    26 |     7 ||    33
Dodge: Dodged            |    68 |    30 ||    98
